 Dungeon Crawl Stone Soup version 0.28.0-43-g3370ac3207 (webtiles) character file.

Game seed: 2836277980610796606

283 experimilk the Cudgeller (level 6, 0/51 HPs)
             Began as a Palentonga Abyssal Knight on Mar 19, 2022.
             Was a Follower of Lugonu.
             Slain by a hobgoblin (2 damage)
             ... on level 3 of the Dungeon.
             The game lasted 00:07:15 (3890 turns).

experimilk the Cudgeller (PaAK)                     Turns: 3890, Time: 00:07:16

Health: 0/51       AC:  4    Str: 18    XL:     6   Next: 7%
Magic:  7/7        EV:  9    Int: 10    God:    Lugonu [*.....]
Gold:   22         SH:  5    Dex: 11    Spells: 5/5 levels left

rFire   . . .      SeeInvis +   a - +1 mace
rCold   . . .      Faith    .   (no shield)
rNeg    . . .      Spirit   .   b - +0 leather armour
rPois   .          Reflect  +   (no helmet)
rElec   .          Harm     .   (no cloak)
rCorr   .          Rampage  .   (no gloves)
Will    .....                   (no barding)
Stlth   +.........              i - amulet of reflection
HPRegen 0.17/turn               (no ring)
MPRegen 0.10/turn               (no ring)

@: mighty
A: large, rugged brown scales 3, see invisible, deformed body, roll 1, armoured
tail
a: Rolling Charge, Renounce Religion, Depart the Abyss


You were on level 3 of the Dungeon.
You worshipped Lugonu.
Lugonu was aware of your devotion.
You visited 1 branch of the dungeon, and saw 3 of its levels.
You visited the Abyss 1 time.

You collected 22 gold pieces.

Inventory:

Hand Weapons
 a - a +1 mace (weapon)
 g - a +2 vorpal hunting sling
Missiles
 h - 86 stones
Armour
 b - a +0 leather armour (worn)
 k - a +0 ring mail
Jewellery
 i - an amulet of reflection (around neck)
Potions
 d - 2 potions of brilliance {unknown}
 e - 2 potions of curing {unknown}
 f - a potion of invisibility {unknown}
 j - a potion of magic {unknown}


   Skills:
 + Level 3.7 Fighting
 * Level 6.0 Maces & Flails
 - Level 1.5 Armour
 - Level 0.7 Dodging
 - Level 2.0 Invocations


You had 5 spell levels left.
You didn't know any spells.
Your spell library was empty.

Dungeon Overview and Level Annotations

Branches:
Dungeon (3/15)

Altars:

Shops:
D:1 *

Annotations:
D:3 Terence


Innate Abilities, Weirdness & Mutations

You are completely covered in rugged brown scales. (AC +3, +7% HP)
You have supernaturally acute eyesight. (SInv)
Armour fits poorly on your strangely shaped body.
You can roll at nearby foes to attack.
You have a long armoured tail.


Message History

The hobgoblin shouts!
You block the black bear's attack. The black bear barely misses you. x2
The black bear completely misses you.
The black bear claws you but does no damage.
The black bear barely misses you.
You hit the black bear. You tail-slap the black bear.
The black bear is moderately wounded.
The black bear bites you but does no damage.
The black bear barely misses you.
The black bear claws you but does no damage.
You hit the black bear.
The black bear is heavily wounded.
The black bear bites you. The black bear claws you.
The black bear claws you but does no damage.
You barely miss the black bear.
The black bear is heavily wounded.
The black bear closely misses you. The black bear claws you. x2
You thump the black bear!
The black bear is severely wounded.
The hobgoblin barely misses you.
The black bear goes berserk!
You barely miss the black bear.
The black bear is severely wounded.
The black bear bites you! The black bear claws you. x2
The hobgoblin barely misses you. You block the black bear's attack.
The black bear closely misses you. The black bear barely misses you.
Okay, then.
You barely miss the black bear.
The black bear is severely wounded.
The black bear bites you!
* * * LOW HITPOINT WARNING * * *
You block the black bear's attack. The black bear claws you.
* * * LOW HITPOINT WARNING * * *
The hobgoblin barely misses you.
You feel very mighty all of a sudden. The black bear barely misses you.
The black bear claws you.
* * * LOW HITPOINT WARNING * * *
The black bear claws you.
* * * LOW HITPOINT WARNING * * *
The hobgoblin hits you.
You die...

#...# #...# #...# #...#
## #...#
....###...#####
......'....##.########
######....#.........#
+.....#...@h........#
####
#####.#.#.#g.<......#
#... #.#...#.........#
#.## #.#####.........#
#.# #...........#####
#.#
#..########.########.##
#..###...#.........#...
#....#.#.#...........##
##.#.#.#..........)....


You could see a black bear (berserk) and a hobgoblin.

Vanquished Creatures
  Grinder (D:3)
  Natasha (D:3)
  A hound skeleton (D:2)
  A worm (D:2)
  A dart slug (D:2)
  6 endoplasms
  3 giant cockroaches
  4 goblins (D:2)
  2 hobgoblins
  4 kobolds
  A quokka (D:1)
  4 ball pythons
  5 bats
  4 frilled lizards
  7 rats
45 creatures vanquished.

Vanquished Creatures (others)
  2 plants (D:3)
2 creatures vanquished.

Grand Total: 47 creatures vanquished

Notes
Turn   | Place    | Note
-------+----------+-------------------------------------------
     0 | Abyss:1  | experimilk the Palentonga Abyssal Knight began the quest
                  | for the Orb.
     0 | Abyss:1  | Reached XP level 1. HP: 19/19 MP: 2/2
    75 | Abyss:1  | Noticed an ancient zyme
    76 | D:1      | Escaped the Abyss
   300 | D:1      | Found a faded altar of an unknown god.
   508 | D:1      | Reached * piety under Lugonu
   510 | D:1      | Reached XP level 2. HP: 11/25 MP: 3/3
   765 | D:1      | Reached skill level 3 in Maces & Flails
   952 | D:1      | Found Lycriptowo's General Store.
  1787 | D:2      | Reached XP level 3. HP: 27/31 MP: 4/4
  2696 | D:2      | Reached skill level 4 in Maces & Flails
  3016 | D:3      | Noticed Terence
  3464 | D:3      | Noticed Natasha
  3468 | D:3      | Killed Natasha
  3469 | D:3      | Reached XP level 4. HP: 37/37 MP: 5/5
  3480 | D:3      | Noticed Grinder
  3495 | D:3      | Killed Grinder
  3496 | D:3      | Reached skill level 5 in Maces & Flails
  3496 | D:3      | Reached skill level 6 in Maces & Flails
  3496 | D:3      | Reached XP level 5. HP: 16/44 MP: 6/6
  3496 | D:3      | Reached XP level 6. HP: 18/51 MP: 7/7
  3890 | D:3      | HP: 2/51 [black bear (3)]
  3890 | D:3      | Slain by a hobgoblin

Illustrated notes

Levels and vault maps discovered:
D:1:      onia_arrival_mini_spirals, layout_loops_ring,
          chequers_ecumenical_altar_grove, serial_shops, shop_fountains,
          minmay_distorted
D:2:      layout_loops_ring, chequers_serial_rivers_large_b
D:3:      layout_basic, serial_bayou_crossing, uniq_natasha, uniq_sigmund,
          uniq_terence, uniq_grinder

Skill      XL: |  1  2  3  4 |
---------------+-------------+-----
Maces & Flails | 3 4 6 |  6.0
Fighting       | |  3.7
Armour         | |  1.5
Dodging        | |  0.7
Invocations    | |  2.0

Action                   |  1- 3 |  4- 6 || total
-------------------------+-------+-------++-------
Melee: Mace              |    79 |    22 ||   101
       Tailslap          |     9 |     2 ||    11
Invok: Depart the Abyss  |     1 |       ||     1
 Abil: Rolling Charge    |    25 |     6 ||    31
  Use: Scroll            |     2 |       ||     2
       Potion            |       |     2 ||     2
Armor: Leather armour    |    18 |     4 ||    22
Dodge: Dodged            |    32 |    14 ||    46
Block: Other             |     3 |     7 ||    10
